 Dungeon Crawl Stone Soup version 0.30-a0-738-g116ff8c4af (webtiles) character file.

Game seed: 13414815792075037770

37 Leeroy the Slasher (level 3, -4/18 HPs)
             Began as a Vine Stalker Warper on Feb 3, 2023.
             Slain by Sigmund
             ... wielding a +0 scythe
              (9 damage)
             ... on level 2 of the Dungeon.
             The game lasted 00:01:49 (883 turns).

Leeroy the Slasher (Vine Stalker Warper)             Turns: 883, Time: 00:01:50

Health: -4/18      AC:  4    Str: 13    XL:     3   Next: 41%
Magic:  0/7        EV: 11    Int: 13    God:
Gold:   57         SH:  0    Dex: 15    Spells: 6/6 levels left

rFire   . . .      SeeInvis .    a - +0 falchion
rCold   . . .      Faith    .    (no shield)
rNeg    . . .      Spirit   +    b - +0 leather armour
rPois   .          Reflect  .    (no helmet)
rElec   .          Harm     .    (no cloak)
rCorr   .          Rampage  .    g - +0 pair of gloves
Will    .....                    (no boots)
Stlth   +                        (no amulet)
HPRegen 0.23/turn                (no ring)
MPRegen 0.10/turn                (no ring)

@: no status effects
A: fangs 2, magic shield, antimagic bite, no potion heal 2
a: no special abilities


You were on level 2 of the Dungeon.
You visited 1 branch of the dungeon, and saw 2 of its levels.

You collected 57 gold pieces.

Inventory:

Hand Weapons
 a - a +0 falchion (weapon)
Missiles
 d - 7 boomerangs of dispersal (quivered)
Armour
 b - a +0 leather armour (worn)
 g - a +0 pair of gloves (worn)
Scrolls
 c - a scroll of blinking
 e - 2 scrolls of amnesia {unknown}
 f - a scroll of immolation {unknown}
 i - a scroll of enchant weapon {unknown}
 j - a scroll of poison {unknown}
Potions
 h - a potion of mutation {unknown}


   Skills:
 - Level 1.7 Fighting
 + Level 3.4 Long Blades
 - Level 0.8 Throwing
 - Level 0.7 Armour
 - Level 1.5 Dodging
 - Level 2.1 Spellcasting
 - Level 3.0 Translocations


You had 6 spell levels left.
You didn't know any spells.
Your spell library contained the following spells:

 Spells                   Type           Power      Damage    Failure   Level
 Blink                    Tloc           18%        N/A       14%         2
 Lesser Beckoning         Tloc           18%        N/A       14%         2
 Teleport Other           Tloc           9%         N/A       28%         3
 Vhi's Electric Charge    Tloc/Air       10%        N/A       45%         3
 Manifold Assault         Tloc           9%         N/A       67%         4


Dungeon Overview and Level Annotations

Branches:
Dungeon (2/15)

Altars:

Annotations:
D:2 Sigmund


Innate Abilities, Weirdness & Mutations

You have extremely sharp teeth.
When hurt, damage is shared between your health and your magic reserves.
Your bite disrupts and absorbs the magic of your enemies.
Potions cannot restore your health.


Message History

The ball python closely misses you. The ball python grabs you.
The ball python constricts you.
Sigmund mumbles some strange words.
Sigmund flickers and vanishes!
Deactivating autopickup; reactivate with Ctrl-A.
The hobgoblin hits you.
The goblin shoots a sling bullet.
The sling bullet misses you. The ball python bites you.
The ball python constricts you.
You barely miss the ball python. The hobgoblin hits you.
The ball python bites you but does no damage.
The ball python constricts you.
The goblin shoots a sling bullet.
The sling bullet barely misses you.
You hit the ball python.
You kill the ball python!
The hobgoblin hits you but does no damage.
The goblin shoots a sling bullet.
The sling bullet barely misses you.
You closely miss the hobgoblin.
The hobgoblin is heavily wounded.
The hobgoblin closely misses you.
The goblin shoots a sling bullet.
The sling bullet barely misses you. The hobgoblin closely misses you.
You hit the hobgoblin.
You kill the hobgoblin!
The goblin shoots a sling bullet.
The sling bullet barely misses you. Something hits you.
You are too injured to fight recklessly!
You are too injured to fight recklessly!
Found a chain mail.
The goblin shoots a sling bullet.
The sling bullet hits you.
* * * LOW HITPOINT WARNING * * *
The goblin shoots a sling bullet.
The sling bullet closely misses you. Something hits you but does no damage.
The goblin shoots a sling bullet.
The sling bullet hits you but does no damage.
Something hits you but does no damage.
The goblin shoots a sling bullet.
The sling bullet hits you.
* * * LOW HITPOINT WARNING * * *
The goblin shoots a sling bullet.
The sling bullet hits you. Something hits you!
Ouch! That really hurt!
You die...

..###........#.........#
#............#...[.....#
#####........#.......>.#
..# #........#.........#
..# #........#.........#
..# #........##.......##
########..##.#.?.......#
.#...##.##...........#
......#.##....@......#
................?....# .
...........#.........#
......................##
...........##......##
...................g.
.###....#.##..........
#..#...............
#.###..##.###.####


You could see a goblin.

Vanquished Creatures
  A dart slug (D:1)
  4 endoplasms (D:1)
  2 giant cockroaches (D:1)
  3 goblins (D:1)
  4 hobgoblins
  4 jackals (D:1)
  2 kobolds (D:1)
  A quokka (D:1)
  5 ball pythons
  A frilled lizard (D:1)
  3 rats (D:1)
30 creatures vanquished.

Notes
Turn   | Place    | Note
-------+----------+-------------------------------------------
     0 | D:1      | Leeroy the Vine Stalker Warper began the quest for the Orb.
     0 | D:1      | Reached XP level 1. HP: 11/11 MP: 4/4
    20 | D:1      | Found a faded altar of an unknown god.
   168 | D:1      | Reached XP level 2. HP: 15/15 MP: 6/6
   433 | D:1      | Reached XP level 3. HP: 18/18 MP: 7/7
   872 | D:2      | Noticed Sigmund
   883 | D:2      | Slain by Sigmund

Illustrated notes

Levels and vault maps discovered:
D:1:      mrwooster_arrival_statue_2, layout_loops_ring,
          ebering_ecumenical_altar_box
D:2:      minmay_wonky_spiral, layout_rooms, basic_altar, minmay_heptomino_d4,
          uniq_crazy_yiuf_cottage, uniq_sigmund, uniq_natasha

Skill      XL: |  1  2 |
---------------+-------+-----
Long Blades    | 2 3 |  3.4
Fighting       | |  1.7
Throwing       | |  0.8
Armour         | |  0.7
Dodging        | |  1.5
Spellcasting   | |  2.1
Translocations | |  3.0

Action                     || total
---------------------------++-------
  Melee: Falchion          ||    70
         Bite              ||    16
         Punch             ||     1
   Stab: Sleeping          ||     1
 Armour: Leather armour    ||    22
  Dodge: Dodged            ||    44

Table legend: (Time is in decaauts)
 A = Elapsed time spent in this place.
 B = Non-inter-level travel time spent in this place.
 C = Inter-level travel time spent in this place.
 D = Time resting spent in this place.
 E = Time spent auto-exploring this place.
 F = Levels seen in this place.
 G = Mean time per level.
                   A        B        C        D        E       F      G
               +--------+--------+--------+--------+--------+-----+--------+
         Total |    895 |    864 |     31 |      0 |    697 |   2 |  447.5 |
       Dungeon |    895 |    864 |     31 |      0 |    697 |   2 |  447.5 |
               +--------+--------+--------+--------+--------+-----+--------+

Top non-repeatable levels by time:
     D:1: 850 daAuts
     D:2: 44 daAuts
